Map: Orbital Shipyard

Players

Crazy

  • Race: Terran Terran
  • League: Master

xKawaiian - Winner!

  • Race: Terran Terran
  • League: Master

VOD

Have the link to the VOD?

Description

Time

  • Played on: Jan. 13, 2016, 4:02 p.m.
  • Length: 10:29
Show
View Real Time Build Order
Export as new Build Order

Crazy Terran 

Build Orders: Banshee Rush 

Get SALT Encoding   

  12  0:01  SCV  
  13  0:13  SCV  
  14  0:18  Supply Depot  
  14  0:25  SCV  
  15  0:39  SCV  
  15  0:40  Barracks  
  16  0:46  Refinery  
  16  0:51  SCV  
  17  1:03  SCV  
  18  1:16  SCV  
  19  1:28  Orbital Command  
  19  1:29  Marine  
  20  1:39  Supply Depot  
  20  1:46  Marine  
  21  1:49  Factory  
  21  1:51  Refinery  
  21  1:55  SCV  
  22  2:04  Marine  
  22  2:07  SCV  
  23  2:19  SCV  
  23  2:22  Marine  
  25  2:28  Supply Depot  
  25  2:31  SCV  
  25  2:33  Hellion  
  25  2:34  Starport  
  28  2:40  Barracks Tech Lab  
  28  2:43  SCV  
  29  2:55  Hellion  
  29  2:56  SCV  
  32  2:59  Supply Depot  
  32  3:08  SCV  
  33  3:17  Cloaking Field  
  33  3:18  Banshee  
  33  3:19  Factory Tech Lab  
  36  3:20  Barracks Reactor  
  36  3:37  Command Center  
  36  3:42  Siege Tank  
  36  3:48  Supply Depot  
  39  3:59  Marine x2  
  40  4:27  Supply Depot, Medivac  
  40  4:31  SCV, Marine x2  
  43  4:37  Supply Depot  
  45  4:39  Siege Tank  
  45  4:44  SCV  
  46  4:49  Marine x2  
  46  4:50  Orbital Command  
  48  4:57  Viking  
  49  5:07  Marine x2  
  51  5:19  Siege Tank  
  51  5:21  SCV x2  
  56  5:26  Marine x2  
  57  5:40  Supply Depot  
  57  5:48  SCV  
  57  5:49  SCV  
  59  5:51  Siege Tank  
  62  6:01  Medivac, Marine x2  
  62  6:02  Supply Depot  
  66  6:06  Barracks  
  66  6:09  Barracks  
  66  6:20  Command Center, SCV x2  
  66  6:25  Supply Depot  
  68  6:27  Supply Depot  
  68  6:30  Marine x2  
  70  6:37  Siege Tank  
  73  6:40  SCV x2  
  73  6:44  Starport Reactor  
  75  6:52  SCV x2  
  75  6:53  Refinery, Marine x2  
  79  6:54  Barracks Tech Lab  
  79  6:55  Refinery  
  79  6:56  Barracks Tech Lab  
  79  7:05  SCV x2  
  81  7:12  Marine  
  81  7:13  Marine  
  81  7:14  Combat Shields, Marine  
  81  7:15  Stimpack, Marine  
  84  7:17  SCV x2  
  87  7:26  Barracks  
  87  7:29  SCV x2, Barracks  
  89  7:34  Medivac x2  
  93  7:40  Marine x3  
  93  7:41  Marine  
  97  7:45  Orbital Command  
  97  7:49  SCV x2  
  99  7:52  Siege Tank  
  102  8:01  Orbital Command  
  102  8:03  Marine x3  
  102  8:04  Marine  
  106  8:11  Engineering Bay  
  106  8:12  Engineering Bay  
  106  8:14  Supply Depot, SCV  
  106  8:15  SCV, Supply Depot  
  106  8:19  Barracks Reactor x2  
  108  8:23  Marine  
  109  8:35  Marine x3  
  109  8:36  SCV x3, Supply Depot  
  109  8:37  Supply Depot  
  115  8:45  Siege Tank  
  118  8:49  SCV, Factory  
  118  8:50  SCV x2  
  112  9:16  Marine x5  
  112  9:17  Command Center, Marine  
  116  9:31  Marine x2  
  116  9:34  Siege Tank, Marine x2  
  121  9:42  Marine x4  
  125  9:49  Marine  
  125  9:51  Supply Depot  
  126  9:54  Supply Depot  
  126  10:05  Marine  
Show
View Real Time Build Order
Export as new Build Order

xKawaiian Terran - Winner!

Build Orders: 1/1/1, Cyclone Opening, MMM Bio 

Get SALT Encoding   

  12  0:01  SCV  
  13  0:13  SCV  
  14  0:19  Supply Depot  
  14  0:25  SCV  
  15  0:41  SCV  
  15  0:42  Barracks  
  16  0:47  Refinery  
  16  0:53  SCV  
  16  0:54  Refinery  
  17  1:05  SCV  
  18  1:17  SCV  
  19  1:30  Marine  
  19  1:31  Orbital Command  
  20  1:37  Factory  
  20  1:48  Supply Depot, Marine  
  21  1:57  SCV  
  22  2:06  Marine  
  23  2:10  SCV  
  24  2:20  Factory Tech Lab, Starport  
  24  2:22  SCV  
  25  2:24  Marine  
  26  2:34  Supply Depot  
  26  2:36  SCV  
  27  2:40  Cyclone  
  27  2:42  Marine  
  31  2:56  SCV  
  31  2:57  Medivac  
  34  3:00  Marine  
  34  3:04  Supply Depot  
  35  3:09  SCV  
  35  3:12  Siege Tank  
  39  3:21  Liberator  
  39  3:25  SCV, Marine  
  39  3:26  Supply Depot  
  41  3:37  SCV  
  45  3:44  Marine  
  46  3:49  SCV  
  47  4:01  SCV  
  47  4:02  Marine  
  49  4:08  Liberator  
  49  4:11  Command Center  
  49  4:13  SCV  
  49  4:15  Engineering Bay  
  50  4:20  Marine  
  51  4:30  SCV  
  55  4:46  Barracks  
  55  4:47  Missile Turret  
  55  5:07  Barracks  
  55  5:22  Siege Tank, Marine  
  55  5:23  Viking  
  56  5:35  Barracks Tech Lab  
  56  5:40  Barracks, Marine  
  51  5:47  SCV  
  51  5:49  Orbital Command  
  52  5:54  Barracks Reactor  
  52  5:55  Starport Reactor  
  52  5:56  Stimpack  
  52  5:59  SCV  
  52  6:00  Missile Turret  
  53  6:08  Barracks Reactor  
  54  6:11  SCV, Marine  
  54  6:16  SCV  
  56  6:23  SCV  
  57  6:28  SCV, Refinery, Marine  
  57  6:29  Marine  
  60  6:34  Medivac x2  
  60  6:35  SCV, Marine  
  66  6:40  SCV  
  68  6:47  Supply Depot, SCV, Marine  
  68  6:54  Supply Depot  
  70  6:59  Refinery  
  70  7:01  Marine  
  70  7:08  Barracks Reactor, Medivac x2, SCV, Marine x3  
  70  7:13  Supply Depot  
  70  7:15  SCV, Marine  
  80  7:16  Siege Tank  
  80  7:19  Marine  
  80  7:20  SCV  
  80  7:22  Supply Depot  
  85  7:26  Marine  
  86  7:34  Marine x2  
  88  7:38  Marine x2  
  88  7:44  Marine  
  90  7:45  Marine  
  90  7:46  Medivac  
  90  7:48  Siege Tank  
  97  7:52  Marine  
  98  8:06  Marine x2  
  98  8:09  Terran Infantry Weapons Level 1, Combat Shields  
  98  8:12  SCV  
  101  8:13  Command Center  
  101  8:15  SCV  
  101  8:18  Supply Depot  
  101  8:19  Supply Depot  
  102  8:26  SCV, Medivac, Siege Tank, Marine x2  
  110  8:35  Supply Depot  
  110  8:37  Supply Depot, Engineering Bay, Armory  
  110  8:40  SCV, Marine  
  112  8:47  Marine x3  
  115  8:49  SCV  
  115  8:53  Marine x2  
  118  9:03  Marine x2  
  120  9:10  Siege Tank, Marine  
  120  9:12  SCV  
  120  9:14  Marine x3  
  128  9:18  Marine  
  129  9:29  Marine x2  
  123  9:31  Orbital Command  
  123  9:32  Medivac  
  125  9:39  Marine x2  
  125  9:43  Siege Tank  
  130  9:45  Marine  
  130  9:46  Marine  
  130  9:51  Marine  
  133  9:55  Supply Depot  
  130  10:09  Marine  
Tags
 
Add a new tag
Caveats
  • Supply blocks, unpowered buildings, or Contaminate may cause inaccurate times.
  • Supply counts are checked every 10 seconds.